 Dungeon Crawl Stone Soup version 0.22-a0-848-ge9e22a0 (webtiles) character file.

1455 yoda5477 the Charmwright (level 8, -2/64 HPs)
             Began as a Gnoll Skald on July 17, 2018.
             Slain by Dowan
             ... wielding a +0 dagger of electrocution
              (8 damage)
             ... on level 5 of the Dungeon on July 26, 2018.
             The game lasted 00:31:03 (5687 turns).

yoda5477 the Charmwright (Gnoll Skald)              Turns: 5687, Time: 00:31:06

Health: -2/64      AC: 11    Str: 16    XL:     8   Next: 76%
Magic:  17/17      EV:  9    Int: 15    God:
Gold:   274        SH:  0    Dex: 15    Spells: 16/19 levels left

rFire    . . .     SeeInvis .   a - +1 hand axe
rCold    . . .     Gourm    .   (no shield)
rNeg     . . .     Faith    .   z - +1 chain mail {rPois}
rPois    +         Spirit   .   (no helmet)
rElec    .         Reflect  .   (no cloak)
rCorr    .         Harm     .   k - +0 pair of gloves
MR       .....                  (no boots)
Stlth    ..........             (no amulet)
HPRegen  0.20/turn              (no ring)
MPRegen  0.15/turn              (no ring)

@: glowing
A: distributed training, fangs 1, strong nose
a: no special abilities


You were on level 5 of the Dungeon.
You were not hungry.

You visited 1 branch of the dungeon, and saw 5 of its levels.

You collected 274 gold pieces.

Inventory:

Hand Weapons
 a - a +1 hand axe (weapon)
 l - a +0 hunting sling
 u - a +0 mace
 v - a +0 short sword
 y - a +0 flail
Missiles
 e - 140 stones (quivered)
 f - 8 bolts
 j - 122 arrows
 A - 19 sling bullets
Armour
 b - a +0 leather armour
 i - a +0 ring mail
 k - a +0 pair of gloves (worn)
 m - a +0 chain mail
 o - a +0 robe of magic resistance
 t - a +2 leather armour of cold resistance
 z - a +1 chain mail of poison resistance (worn)
Scrolls
 h - 4 scrolls of teleportation
 q - a scroll of immolation {unknown}
 x - a scroll of summoning {unknown}
 B - a scroll of blinking {unknown}
 C - a scroll of acquirement {unknown}
Potions
 c - 2 potions of brilliance {unknown}
 g - a potion of heal wounds {unknown}
 n - 2 potions of curing {unknown}
 p - a potion of haste {unknown}
 r - a potion of resistance {unknown}
 s - a potion of lignification {unknown}
 w - a potion of invisibility {unknown}
Comestibles
 d - 5 rations


   Skills:
 + Level 5.8 Fighting
 + Level 3.4 Short Blades
 + Level 3.4 Long Blades
 + Level 5.8 Axes
 + Level 3.4 Maces & Flails
 + Level 3.4 Polearms
 + Level 3.4 Staves
 + Level 3.4 Slings
 + Level 3.4 Bows
 + Level 3.4 Crossbows
 + Level 3.4 Throwing
 + Level 4.4 Armour
 + Level 5.8 Dodging
 + Level 3.4 Stealth
 + Level 3.4 Shields
 + Level 3.4 Unarmed Combat
 + Level 6.1 Spellcasting
 + Level 2.8 Conjurations
 + Level 2.8 Hexes
 + Level 6.2 Charms
 + Level 2.8 Summonings
 + Level 2.8 Necromancy
 + Level 2.8 Translocations
 + Level 2.8 Transmutations
 + Level 2.8 Fire Magic
 + Level 2.8 Ice Magic
 + Level 2.8 Air Magic
 + Level 2.8 Earth Magic
 + Level 2.8 Poison Magic
 + Level 3.8 Invocations
 + Level 3.4 Evocations


You had 16 spell levels left.
You knew the following spells:

 Your Spells              Type           Power        Failure   Level  Hunger
a - Infusion              Chrm           ###.         19%         1    None
b - Song of Slaying       Chrm           ###.....     26%         2    #......

Your spell library contained the following spells:

 Spells                   Type           Power        Failure   Level  Hunger
 Regeneration             Chrm/Necr      ###.......   71%         3    ##.....
 Shroud of Golubria       Chrm/Tloc      ###.......   47%         2    #......
 Spectral Weapon          Hex/Chrm       ###.....     71%         3    ##.....


Dungeon Overview and Level Annotations

Branches:
Dungeon (5/15)
 Temple: D:4-7

Altars:
Xom

Shops:
D:4 *

Annotations:
D:5 Dowan


Innate Abilities, Weirdness & Mutations

Your experience applies equally to all skills.
You have very sharp teeth.
Your uncanny sense of smell can sniff out nearby items.


Message History

You barely miss Duvessa.
Duvessa is almost dead.
You barely miss Dowan. Dowan hits you but does no damage.
You are electrocuted!
* * * LOW HITPOINT WARNING * * *
Duvessa hits you but does no damage. Duvessa hits you with a short sword.
* * * LOW HITPOINT WARNING * * *
You closely miss Duvessa.
Duvessa is almost dead.
You slash Dowan! Dowan casts a spell at you. The puff of flame misses you.
Duvessa hits you with a short sword.
* * * LOW HITPOINT WARNING * * *
You hit Duvessa.
You kill Duvessa!
Dowan screams, "No!
Oh no!"
Dowan seems to find hidden reserves of power!
You hit Dowan but do no damage. Dowan hits you but does no damage.
You are electrocuted!
You die...

.. #. #. ....... .#
.. ....... ..# ...#
....... #.# #...
.......## ##.# #..#
..?.....###@.#
#..##
........##e)## #..#
......))##.## #...
.......(#(.# #..
.......)(.### #..
.......(....## ##[.
.......###...###
#).# .......
###...##########..#
.......
##.............##


You could see Dowan.

Vanquished Creatures
  Grinder (D:4)
  Eustachio (D:4)
  Duvessa (D:5)
  An ogre (D:4)
  A phantom (D:4)
  A big kobold (D:5)
  A gnoll sergeant (D:4)
  A howler monkey (D:4)
  A crimson imp (D:5)
  3 hounds (D:4)
  3 orc priests (D:4)
  2 orc wizards (D:4)
  4 worker ants
  A howler monkey skeleton (D:4)
  11 gnolls
  9 adders
  A shadow imp (D:5)
  An adder skeleton (D:4)
  3 worms
  A dart slug (D:2)
  3 leopard geckos
  14 orcs
  A ball python (D:2)
  11 bats
  4 giant cockroaches
  6 goblins
  5 hobgoblins
  9 jackals
  A quokka (D:4)
  2 frilled lizards
  A jackal skeleton (D:4)
  12 kobolds
  A leopard gecko skeleton (D:4)
  A leopard gecko zombie (D:5)
  A quokka skeleton (D:4)
  2 rats
122 creatures vanquished.

Notes
Turn   | Place    | Note
-------+----------+-------------------------------------------
     0 | D:1      | yoda5477 the Gnoll Skald began the quest for the Orb.
     0 | D:1      | Reached XP level 1. HP: 20/20 MP: 6/6
   452 | D:1      | Reached XP level 2. HP: 26/26 MP: 7/7
  1013 | D:2      | Reached XP level 3. HP: 31/31 MP: 9/9
  1036 | D:2      | Reached skill level 5 in Spellcasting
  1338 | D:2      | Reached skill level 1 in Invocations
  1460 | D:2      | Reached skill level 1 in Short Blades
  1460 | D:2      | Reached skill level 1 in Long Blades
  1460 | D:2      | Reached skill level 1 in Maces & Flails
  1460 | D:2      | Reached skill level 1 in Polearms
  1460 | D:2      | Reached skill level 1 in Staves
  1460 | D:2      | Reached skill level 1 in Slings
  1460 | D:2      | Reached skill level 1 in Bows
  1460 | D:2      | Reached skill level 1 in Crossbows
  1460 | D:2      | Reached skill level 1 in Throwing
  1460 | D:2      | Reached skill level 1 in Stealth
  1460 | D:2      | Reached skill level 1 in Shields
  1460 | D:2      | Reached skill level 1 in Unarmed Combat
  1460 | D:2      | Reached skill level 1 in Evocations
  1460 | D:2      | Reached XP level 4. HP: 29/38 MP: 11/11
  1897 | D:2      | Reached skill level 1 in Conjurations
  1897 | D:2      | Reached skill level 1 in Hexes
  1897 | D:2      | Reached skill level 1 in Summonings
  1897 | D:2      | Reached skill level 1 in Necromancy
  1897 | D:2      | Reached skill level 1 in Translocations
  1897 | D:2      | Reached skill level 1 in Transmutations
  1897 | D:2      | Reached skill level 1 in Fire Magic
  1897 | D:2      | Reached skill level 1 in Ice Magic
  1897 | D:2      | Reached skill level 1 in Air Magic
  1897 | D:2      | Reached skill level 1 in Earth Magic
  1897 | D:2      | Reached skill level 1 in Poison Magic
  1977 | D:2      | Found a shimmering altar of Xom.
  2186 | D:3      | Reached XP level 5. HP: 43/43 MP: 8/12
  2933 | D:4      | Upgraded the game from 0.22-a0-772-gac08f70 to 0.22-a0-848-ge9e22a0
  2938 | D:3      | Learned a level 2 spell: Song of Slaying
  3166 | D:4      | Reached XP level 6. HP: 37/50 MP: 4/13
  3185 | D:4      | Noticed Grinder
  3386 | D:4      | Killed Grinder
  3386 | D:4      | Reached skill level 5 in Fighting
  3386 | D:4      | Reached skill level 5 in Axes
  3386 | D:4      | Reached skill level 5 in Dodging
  3683 | D:4      | Reached XP level 7. HP: 43/56 MP: 15/15
  3772 | D:4      | Found Fieggi's Fabulous Fripperies.
  4610 | D:4      | Noticed Eustachio
  4628 | D:4      | Killed Eustachio
  4628 | D:4      | Reached XP level 8. HP: 57/63 MP: 8/16
  4974 | D:5      | Entered Level 5 of the Dungeon
  5659 | D:5      | Noticed Duvessa
  5665 | D:5      | Noticed Dowan
  5687 | D:5      | Killed Duvessa
  5687 | D:5      | Slain by Dowan

Vault maps used:
D:1:      onia_arrival_pyramid
D:2:      serial_curves, eino_curves_03, eino_curves_04, first_ration, tgw_xom
D:3:      small_statue_alley_b, minivault_23, minivault_5
D:4:      nicolae_alphabet_shops, uniq_eustachio, uniq_grinder
D:5:      uniq_duvessa

Skill      XL: |  1  2  3  4  5  6  7  8 |
---------------+-------------------------+-----
Spellcasting   | 5 6 |  6.1
Invocations    | 1 2 3 |  3.8
Short Blades   | 1 2 3 |  3.4
Long Blades    | 1 2 3 |  3.4
Maces & Flails | 1 2 3 |  3.4
Polearms       | 1 2 3 |  3.4
Staves         | 1 2 3 |  3.4
Slings         | 1 2 3 |  3.4
Bows           | 1 2 3 |  3.4
Crossbows      | 1 2 3 |  3.4
Throwing       | 1 2 3 |  3.4
Stealth        | 1 2 3 |  3.4
Shields        | 1 2 3 |  3.4
Unarmed Combat | 1 2 3 |  3.4
Evocations     | 1 2 3 |  3.4
Conjurations   | 1 2 |  2.8
Hexes          | 1 2 |  2.8
Summonings     | 1 2 |  2.8
Necromancy     | 1 2 |  2.8
Translocations | 1 2 |  2.8
Transmutations | 1 2 |  2.8
Fire Magic     | 1 2 |  2.8
Ice Magic      | 1 2 |  2.8
Air Magic      | 1 2 |  2.8
Earth Magic    | 1 2 |  2.8
Poison Magic   | 1 2 |  2.8
Armour         | 3 4 |  4.4
Fighting       | 5 |  5.8
Axes           | 5 |  5.8
Dodging        | 5 |  5.8
Charms         | 6 |  6.2

Action                   |  1- 3 |  4- 6 |  7- 9 || total
-------------------------+-------+-------+-------++-------
Melee: Hand axe          |    93 |   160 |   250 ||   503
       Bite              |     4 |    13 |    33 ||    50
       Punch             |       |     2 |     2 ||     4
 Cast: Infusion          |     2 |    12 |     7 ||    21
       Song of Slaying   |       |     2 |    11 ||    13
  Use: Scroll            |       |     5 |       ||     5
 Stab: Sleeping          |       |     1 |       ||     1
  Eat: Chunk             |     2 |     6 |     8 ||    16
Armor: Leather armour    |     9 |       |       ||     9
       Ring mail         |    20 |    38 |       ||    58
       Chain mail        |       |     9 |   144 ||   153
Dodge: Dodged            |    79 |    94 |   122 ||   295

Table legend:
 A = Spawn XP
 B = Non-spawn XP
 C = Spawn XP percentage of total XP
 D = Spawn monster count
 E = Non-spawn monster count
 F = Spawn count percentage of total count
 G = Total turns spent on level
                    A         B        C        D         E        F      G
               +---------+---------+-------+---------+---------+-------+---------
         Total |       0 |    2079 |   0.0 |       0 |     122 |   0.0 |  5687
               +---------+---------+-------+---------+---------+-------+---------
           D:1 |       0 |      23 |   0.0 |       0 |      13 |   0.0 |  1003
           D:2 |       0 |     119 |   0.0 |       0 |      29 |   0.0 |  1105
           D:3 |       0 |     200 |   0.0 |       0 |      33 |   0.0 |  1522
           D:4 |       0 |    1394 |   0.0 |       0 |      36 |   0.0 |  1627
           D:5 |       0 |     343 |   0.0 |       0 |      11 |   0.0 |   430
               +---------+---------+-------+---------+---------+-------+---------
